 Dungeon Crawl Stone Soup version 0.20.1-1-g8b1a95d (webtiles) character file.

322 Irenicus the Insei (level 6, 0/43 HPs)
             Began as an Octopode Chaos Knight on Oct 8, 2017.
             Killed from afar by Sigmund (6 damage)
             ... with a magic dart
             ... on level 4 of the Dungeon.
             The game lasted 00:05:50 (2260 turns).

Irenicus the Insei (Octopode Chaos Knight)          Turns: 2260, Time: 00:05:51

Health: 0/43       AC:  1    Str: 17    XL:     6   Next: 47%
Magic:  6/6        EV: 14    Int: 19    God:    Xom [..*...]
Gold:   203        SH:  0    Dex: 13    Spells: 5/5 levels left

rFire    + . .     SeeInvis .     - Unarmed
rCold    . . .     Gourm    .   (no shield)
rNeg     . . .     Faith    .   (helmet restricted)
rPois    .         Spirit   .   (no amulet)
rElec    .         Reflect  .   (no ring)
rCorr    .         Harm     .   (no ring)
MR       .....                  (no ring)
Stlth    ++........             (no ring)
Regen    0.2/turn               (no ring)
MPRegen  0.1/turn               (no ring)
                                (no ring)
                                (no ring)

@: mighty, brilliant
A: almost no armour, stealthy swim, amphibious, 8 rings, constrict 8, tentacle
spike 1, camouflage 1, blurry vision 1, fire resistance 1, gelatinous body 1,
MP-powered wands
a: Renounce Religion


You were on level 4 of the Dungeon.
You worshipped Xom.
You were a toy of Xom.
You were not hungry.

You visited 1 branch of the dungeon, and saw 4 of its levels.

You collected 203 gold pieces.

Inventory:

Jewellery
 q - an uncursed ring of stealth {unknown}
Scrolls
 b - 2 scrolls of immolation {unknown}
 d - 5 scrolls of identify {unknown}
 g - 2 scrolls of teleportation {unknown}
 k - 2 scrolls of remove curse {unknown}
 n - a scroll of enchant weapon {unknown}
 r - a scroll of fear {unknown}
Potions
 c - a potion of haste {unknown}
 e - 2 potions of degeneration {unknown}
 f - 2 potions of heal wounds {unknown}
 h - a potion of curing {unknown}
 j - a potion of lignification {unknown}
 p - a potion of agility
Comestibles
 a - a bread ration
 i - 2 meat rations
 l - a royal jelly


   Skills:
 + Level 4.2 Fighting
 - Level 3.0 Dodging
 + Level 6.0 Unarmed Combat


You had 5 spell levels left.
You didn't know any spells.

Dungeon Overview and Level Annotations

Branches:
Dungeon (4/15)
 Temple: D:4-7

Altars:
Hepliaklqana
Kikubaaqudgha

Annotations:
D:4 Sigmund


Innate Abilities, Weirdness & Mutations

You cannot wear most types of armour.
You are very stealthy in the water. (Stealth+)
You are amphibious.
You can wear up to eight rings at the same time.
You can use your tentacles to constrict eight enemies at once.
Your skin changes colour to match your surroundings (Stealth+).
Your rubbery body absorbs attacks. (AC +1, EV +1)
One of your tentacles bears a spike.
Scrolls take you a little longer to read.
Your flesh is heat resistant. (rF+)
You expend magic power (3 MP) to strengthen your wands.


Message History

You barely miss something.
Your tentacle spike misses something.
You closely miss something.
You pierce something.
You hear some strange, mumbled words.
Something tries to affect you, but you resist.
You tentacle-slap something. Something hits you!
You closely miss something. You closely miss something.
Your tentacle spike misses something.
Something hits you!
* * * LOW HITPOINT WARNING * * *
It was a potion of brilliance.
You feel clever all of a sudden. Something barely misses you.
It was a potion of might.
You feel very mighty all of a sudden.
You miss something.
Your tentacle spike misses something.
You hear some strange, mumbled words.
A magic dart appears from out of thin air!
The magic dart hits you!
You die...
Xom yawns loudly!

#.# #.# #.# #.# #.#
#.# . #.#
....################.#
.....>{@....<........#
######################


There were no monsters in sight!

Vanquished Creatures
  Grinder (D:3)
  6 adders
  An ooze (D:3)
  A dart slug (D:2)
  2 leopard geckos
  An orc (D:3)
  2 bat zombies (D:2)
  2 giant cockroaches
  6 goblins
  5 hobgoblins
  10 jackals
  3 quokkas
  3 bats
  4 frilled lizards
  7 kobolds
  3 rats (D:2)
57 creatures vanquished.

Notes
Turn   | Place    | Note
-------+----------+-------------------------------------------
     0 | D:1      | Irenicus the Octopode Chaos Knight began the quest for the Orb.
     0 | D:1      | Reached XP level 1. HP: 16/16 MP: 1/1
    50 | D:1      | Reached XP level 2. HP: 12/21 MP: 2/2
   523 | D:1      | Reached XP level 3. HP: 12/26 MP: 3/3
   554 | D:1      | XOM: harmless Air miscast
   605 | D:1      | XOM: harmless Fire miscast
  1119 | D:2      | Found a hazy altar of Hepliaklqana.
  1150 | D:2      | XOM: smoke on damage
  1236 | D:2      | XOM: harmless Air miscast
  1310 | D:2      | Reached XP level 4. HP: 32/33 MP: 4/4
  1657 | D:2      | XOM is BORED!
  1657 | D:2      | XOM: noise
  1673 | D:2      | Reached skill level 4 in Unarmed Combat
  1679 | D:2      | Found an ancient bone altar of Kikubaaqudgha.
  1911 | D:3      | Reached XP level 5. HP: 21/37 MP: 5/5
  1914 | D:3      | Noticed Grinder
  1917 | D:3      | Gained mutation: You expend magic power (3 MP) to strengthen your wands. [potion of mutation]
  1917 | D:3      | Gained mutation: Scrolls take you a little longer to read. [potion of mutation]
  1917 | D:3      | Gained mutation: Your flesh is heat resistant. (rF+) [potion of mutation]
  1917 | D:3      | Gained mutation: One of your tentacles bears a spike. [potion of mutation]
  1918 | D:3      | XOM: potion effect (berserk rage)
  1920 | D:3      | Killed Grinder
  1920 | D:3      | Reached skill level 6 in Unarmed Combat
  1920 | D:3      | Reached XP level 6. HP: 39/43 MP: 6/6
  2153 | D:3      | XOM: harmless Air miscast
  2242 | D:4      | Noticed Sigmund
  2260 | D:4      | Killed from afar by Sigmund

Skill      XL: |  1  2  3  4  5 |
---------------+----------------+-----
Unarmed Combat | 4 6 |  6.0
Dodging        | 3 |  3.0
Fighting       | 4 |  4.2

Action                   |  1- 3 |  4- 6 || total
-------------------------+-------+-------++-------
Melee: Unarmed           |    86 |    72 ||   158
       Constrict         |    21 |    13 ||    34
       Tentacles         |    13 |    14 ||    27
       Punch             |     1 |     4 ||     5
       Kick              |       |     6 ||     6
  Use: Potion            |       |     4 ||     4
 Stab: Sleeping          |     1 |     2 ||     3
  Eat: Chunk             |     1 |     3 ||     4
Armor: Skin              |     8 |     6 ||    14
Dodge: Dodged            |    51 |    41 ||    92
